puck, lawful female human Valkyrie -------------------------- |>..........)..)@.%^^D^^d| |.......----------------.| -------.------ |.| |...........| |.| |.......%...| |.| --------.----| |.| |......*.....| |.| |............| |.| -----[-------- ------|.| |..........| --|.....|.| |.%........| |.+...o.|.| |.`..`..`.-- |-|.....|.| -------.---- |.+.....+.| |.`.`.`..| |-|.....|-- |........| |.+.....| |...------ --|.....| ----- ------- puck the Fighter Experience level: 8 Strength: 21 Dexterity: 12 Constitution: 16 Intelligence: 13 Wisdom: 9 Charisma: 8 Health: 0(58) Energy: 11(11) Def: 11 Gold: 16 Moves: 4796 Dungeon seed: yp1FMwobs-P4AE4D Game ID: puck_1559406813 Your Inventory: Coins $ - 16 gold pieces Weapons a - an uncursed +1 long sword (weapon in hand) b - an uncursed corroded +0 dagger h - an uncursed +0 dagger W - 2 uncursed +0 elven daggers (in quiver) Armor e - an uncursed burnt +3 small shield (being worn) n - an uncursed burnt +0 pair of elven boots (being worn) q - an uncursed burnt +0 dwarvish cloak (being worn) r - an uncursed +0 pair of leather gloves (being worn) u - an uncursed +0 plate mail (being worn) Comestibles c - 11 uncursed food rations D - an uncursed fortune cookie G - 3 uncursed pancakes I - an uncursed banana M - an uncursed apple R - an uncursed lichen corpse U - 3 uncursed tripe rations X - an uncursed egg Potions K - an uncursed potion of acid Scrolls T - an uncursed scroll of blank paper Rings J - an uncursed ring of fire immunity S - a cursed ring of aggravate monster Wands f - an uncursed wand of sleep (0:3) g - a blessed wand of magic missile (0:4) A - an uncursed wand of summoning (0:5) E - an uncursed wand of polymorph (0:2) L - an uncursed wand of secret door detection (0:12) P - an uncursed wand of opening (0:4) Q - an uncursed wand of cancellation (0:2) Tools d - an uncursed oil lamp (0:1093) o - an uncursed skeleton key V - an uncursed +0 unicorn horn Gems y - an uncursed worthless piece of yellow glass N - an uncursed worthless piece of red glass Spells and supernatural/magical abilities: Name Level Category Cost Memory W - pray for help -- divine ? -- Your skills at the end: Fighting Skills wands [Basic] Weapon Skills dagger [Basic] long sword [Skilled] Spellcasting Skills Final Attributes: You had strayed. You were immune to cold. You were poison resistant. You were telepathic. You were stealthy. You were fast. You last prayed 3238 turns ago. Tyr was noncommittal. You are dead. Vanquished creatures: 2 giant mimics an umber hulk a crocodile 3 wolves a panther a spotted jelly an orc-captain a mumak a giant spider an orc mummy a dwarf mummy a chickatrice a dwarf lord a black unicorn 2 ravens a snake 3 apes 2 Woodland-elves a soldier ant a fire ant a mountain nymph a rock piercer a rock mole a yellow light a gnome lord a kobold mummy a red naga hatchling 2 black naga hatchlings a golden naga hatchling a straw golem a paper golem a baby crocodile a giant ant a floating eye 3 kittens 2 homunculi a rothe a centipede a monkey a dwarf zombie a werejackal 3 iguanas a killer bee an acid blob a coyote a gas spore a hobbit 2 giant rats a gnome zombie a gecko 4 jackals a grid bug a bat 2 lichens 7 newts 79 creatures vanquished. Voluntary challenges: You used a wielded weapon 122 times, starting on turn 90. You were illiterate. You never genocided any monsters. You polymorphed 1 item, starting on turn 4796. You never changed form. You used no wishes. You never split a pudding. You never wrote Elbereth's name. You violated your moral code, losing 34 points of alignment, starting on turn 4796. Dungeon overview: The Dungeons of Doom: levels 1 to 9 Level 1 a vault a long staircase Level 2 Level 3 Level 4 a fountain Level 5 Level 6 some fountains Level 7 a fountain Level 8 many fountains Level 9 a sink, a vault stairs to Sokoban Sokoban: levels 5 to 8 Level 5 <- You were here Unsolved Level 6 Solved Level 7 Solved Level 8 Solved stairs to The Dungeons of Doom History has recorded: On T:1 you entered the Dungeons of Doom to retrieve the Amulet of Yendor! On T:102 you reached level 2 of The Dungeons of Doom. On T:147 you reached level 3 of The Dungeons of Doom. On T:298 you reached level 4 of The Dungeons of Doom. On T:424 you reached level 5 of The Dungeons of Doom. On T:503 you reached level 6 of The Dungeons of Doom. On T:719 you advanced to experience level 2. On T:748 you reached level 7 of The Dungeons of Doom. On T:868 you reached level 8 of The Dungeons of Doom. On T:904 you advanced to experience level 3. On T:930 you advanced to experience level 4. On T:1188 you advanced to experience level 5. On T:1198 you reached level 9 of The Dungeons of Doom. On T:1366 you advanced to experience level 6. On T:1591 you reached level 4 of Sokoban. On T:1913 you advanced to experience level 7. On T:1969 you reached level 3 of Sokoban. On T:2594 you reached level 2 of Sokoban. On T:2961 you reached level 1 of Sokoban. On T:4704 you advanced to experience level 8. Score breakdown: Gold: 16 ( 4185 points) Experience: 8 levels (14739 points) Exploration: 9 levels ( 17.65%) (12000 points) Discoveries: 4 items ( 1.60%) ( 3794 points) Valuables value: (no points given unless you survive) Artifact value: 0 ( 0 points) Variety of kills: 55 monsters ( 14.47%) (11413 points) Turncount: 4796 turns (-1293 points) Survival: died (score multiplied by 80%) Total score: 35870 Latest messages: You are not wearing an amulet. You hear a monster behind the boulder. Perhaps that's why you cannot move it. You hear a monster behind the boulder. Perhaps that's why you cannot move it. You hear a monster behind the boulder. Perhaps that's why you cannot move it. You hear a monster behind the boulder. Perhaps that's why you cannot move it. You hear a monster behind the boulder. Perhaps that's why you cannot move it. You feel shuddering vibrations. Your conscience bothers you... The red dragon breathes fire! The blast of fire hits the umber hulk! The umber hulk is killed by the blast of fire! The blast of fire hits you! Your wooden shield smoulders! You are caught in the fireball! Your cloak smoulders! The red dragon breathes fire! The blast of fire hits you! Your boots smoulder! You die... Final status: Farvel puck the Valkyrie, killed by a blast of fire... You died in Sokoban on dungeon level 5 with 35870 points, and 16 pieces of gold, after 4796 moves. You were level 8 with a maximum of 58 hit points when you died.